AoeStats
← RIO NILO ^

Arabia

505358799Analyzed
2v2 RM · 24d ago on Sep 9, 2026· 30m 29s· 4 players
Game mode
Random Map
Map size
Medium (4 player)
Population
200
Speed
Normal
Resources
Standard
Victory
Conquest
Starting age
Dark Age
Ending age
Imperial Age
RankedLock teamsTeams togetherTeam positionsShared explorationLock speedFull tech treeHidden civsTurbo modeCheats
Victory
Defeat
🇨🇱 Poles · Chile
1263
+15
🇨🇱 Ethiopians · Chile
1166
+19
🇦🇷 Ethiopians · Argentina
1307
-21
🇦🇷 Teutons · Argentina
1147
-37
Herss1
3:02 Loom
10:04 Feudal Age
12:23 Fletching
12:33 Double-Bit Axe
18:35 Horse Collar
23:28 Castle Age
22:31 Padded Archer Armor
23:31 Crossbowman
24:10 Bodkin Arrow
24:52 Leather Archer Armor
26:34 Ballistics
27:19 Wheelbarrow
26:36 Gold Mining
29:15 Hand Cart
MaHe
6:10 Loom
9:18 Feudal Age
10:02 Double-Bit Axe
15:50 Wheelbarrow
15:18 Horse Collar
16:09 Forging
16:22 Bloodlines
21:09 Castle Age
21:02 Scale Barding Armor
22:05 Husbandry
22:26 Chain Barding Armor
22:09 Heavy Plow
23:19 Szlachta Privileges
24:13 Iron Casting
RIO NILO ^
6:18 Loom
9:27 Feudal Age
10:12 Double-Bit Axe
17:11 Bloodlines
21:40 Castle Age
21:20 Scale Barding Armor
22:06 Forging
26:19 Iron Casting
29:08 Chain Barding Armor
PeloDeElite
6:47 Loom
11:17 Feudal Age
12:10 Double-Bit Axe
13:49 Fletching
13:59 Padded Archer Armor
24:08 Castle Age
22:35 Gold Mining
22:36 Horse Collar
24:47 Bodkin Arrow
25:07 Leather Archer Armor
24:14 Crossbowman
26:14 Thumb Ring
Connection lost

Rejoining the realm…

Still unreachable

The connection could not be restored.

Session expired

The server has moved on; the page needs a fresh start.